 Dungeon Crawl Stone Soup version 0.27.1-2-g3b301248ec (webtiles) character file.

Game seed: 10378025189970730376

83904 Araneus the Blocker (level 15, -3/122 HPs)
             Began as a Demonspawn Fighter on Oct 5, 2021.
             Was the Champion of Okawaru.
             Slain by a merfolk impaler (9 damage)
             ... while petrified by a catoblepas
             ... on level 2 of the Shoals.
             The game lasted 01:33:43 (26544 turns).

Araneus the Blocker (Demonspawn Fighter)           Turns: 26544, Time: 01:33:44

Health: -3/122     AC: 27    Str: 31    XL:     15   Next: 33%
Magic:  0/20       EV:  2    Int:  5    God:    Okawaru [******]
Gold:   1298       SH:  0    Dex: 13    Spells: 14/14 levels left

rFire    . . .     SeeInvis .   q - +3 morningstar (vorpal)
rCold    + . .     Faith    .   c - +0 kite shield
rNeg     + + +     Spirit   +   p - +4 pearl dragon scales
rPois    ∞         Reflect  .   (helmet unavailable)
rElec    +         Harm     .   y - +0 cloak
rCorr    +         Rampage  .   C - +0 pair of gloves {Str+3}
Will     ++++.     Rnd*Rage +   F - +1 pair of boots "Xomu" {Will++ rCorr}
Stlth    ..........             f - amulet of guardian spirit
HPRegen  0.30/turn              g - ring of Parak {Fly rElec rC+ rN++ Int-5}
MPRegen  0.17/turn              h - +6 ring of strength

@: brilliant, petrified, flying
A: horns 3, repulsion field 2, icemail 1, augmentation 1, condensation shield,
demonic magic 1, hooves 1, berserk 1, deterioration 1, strong-willed 1, sense
surroundings 1
a: Renounce Religion, Heroism, Finesse


You were on level 2 of the Shoals.
You worshipped Okawaru.
Okawaru was exalted by your worship.
You visited 6 branches of the dungeon, and saw 23 of its levels.
You also visited: Sewer, Gauntlet and Ice Cave.

You collected 1568 gold pieces.
You spent 270 gold pieces at shops.

Inventory:

Hand Weapons
 q - a +3 vorpal morningstar (weapon)
Missiles
 m - 18 poisoned darts (quivered)
 v - 2 atropa-tipped darts
Armour
 c - a +0 kite shield (worn)
 p - +4 pearl dragon scales (worn)
 y - a +0 cloak (worn)
 C - a +0 pair of gloves of strength (worn)
 F - the +1 pair of boots "Xomu" (worn) {Will++ rCorr}
   (Okawaru gifted it to you on level 3 of the Lair of Beasts)

   rCorr:     It protects you from acid and corrosion.
   Will:      It greatly increases your willpower.
Jewellery
 f - an amulet of guardian spirit (around neck)
 g - the ring of Parak (left hand) {Fly rElec rC+ rN++ Int-5}
   (You acquired it on level 4 of the Dungeon)

   [ring of protection from cold]

   Int:       It affects your intelligence (-5).
   rC:        It protects you from cold.
   rElec:     It insulates you from electricity.
   rN:        It greatly protects you from negative energy.
   Fly:       It grants you flight.
 h - a +6 ring of strength (right hand)
 j - a ring of resist corrosion
 u - a ring of protection from cold
Wands
 e - a wand of paralysis (12)
 s - a wand of iceblast (32)
 t - a wand of acid (3)
 w - a wand of digging (9)
 D - a wand of mindburst (29)
Scrolls
 a - 3 scrolls of fog
 d - 8 scrolls of identify
 i - 4 scrolls of fear
 o - 11 scrolls of teleportation
Potions
 b - 3 potions of cancellation
 k - a potion of berserk rage
 l - 4 potions of curing
 n - 2 potions of brilliance
 r - 2 potions of magic
 z - a potion of heal wounds


   Skills:
 + Level 12.5 Fighting
 + Level 13.3 Maces & Flails
 - Level 6.0 Throwing
 + Level 9.9 Armour
 + Level 14.0 Shields
 - Level 7.0 Invocations


You had 14 spell levels left.
You didn't know any spells.
Your spell library contained the following spells:

 Spells                   Type           Power      Damage    Failure   Level
 Animate Skeleton         Necr           0%         N/A       77%         1
 Apportation              Tloc           0%         N/A       77%         1
 Beastly Appendage        Tmut           0%         N/A       77%         1
 Corona                   Hex            0%         N/A       77%         1
 Foxfire                  Conj/Fire      0%         2x1d4     77%         1
 Freeze                   Ice            0%         1d3       77%         1
 Summon Small Mammal      Summ           0%         N/A       77%         1
 Slow                     Hex            0%         N/A       88%         2
 Static Discharge         Conj/Air       0%         N/A       88%         2
 Sublimation of Blood     Necr           0%         N/A       88%         2
 Wereblood                Tmut           0%         N/A       88%         2
 Confusing Touch          Hex            0%         N/A       98%         3
 Frozen Ramparts          Ice            0%         1d2       98%         3
 Gell's Gravitas          Tloc           0%         N/A       98%         3
 Ignite Poison            Fire/Tmut/Pois 0%         N/A       98%         3
 Mephitic Cloud           Conj/Pois/Air  0%         N/A       98%         3
 Spider Form              Tmut/Pois      0%         N/A       98%         3
 Swiftness                Air            0%         N/A       98%         3
 Teleport Other           Tloc           0%         N/A       98%         3
 Airstrike                Air            0%         N/A       100%        4
 Hailstorm                Conj/Ice       0%         3d3       100%        4
 Leda's Liquefaction      Hex/Erth       0%         N/A       100%        4
 Petrify                  Tmut/Erth      0%         N/A       100%        4
 Summon Ice Beast         Ice/Summ       0%         N/A       100%        4
 Alistair's Intoxication  Tmut/Pois      0%         N/A       100%        5
 Bolt of Magma            Conj/Fire/Erth 0%         4d4       100%        5
 Borgnjor's Vile Clutch   Necr/Erth      0%         N/A       100%        5
 Freezing Cloud           Conj/Ice/Air   0%         6-21      100%        5
 Irradiate                Conj/Tmut      0%         3d13      100%        5
 Iskenderun's Battlesphe  Conj           0%         2d6       100%        5
 Lightning Bolt           Conj/Air       0%         1d11      100%        5
 Summon Mana Viper        Hex/Summ       0%         N/A       100%        5
 Yara's Violent Unravell  Hex/Tmut       0%         3d3       100%        5
 Dispersal                Tloc           0%         N/A       100%        6
 Eringya's Noxious Bog    Tmut/Pois      0%         N/A       100%        6
 Iron Shot                Conj/Erth      0%         9d1       100%        6
 Statue Form              Tmut/Erth      0%         N/A       100%        6
 Monstrous Menagerie      Summ           0%         N/A       100%        7
 Spellforged Servitor     Conj/Summ      0%         N/A       100%        7
 Summon Hydra             Summ           0%         N/A       100%        7
 Maxwell's Capacitive Co  Air            0%         ∞         100%        8


Dungeon Overview and Level Annotations

Branches:
Dungeon (11/15)            Temple (1/1) D:4            Lair (6/6) D:11
 Shoals (2/4) Lair:3       Spider (1/4) Lair:2        Slime (0/5) Lair:6
    Orc (2/2) D:9           Sewer (visited)           IceCv (visited)
Gauntlet (visited)
    Elf: Orc:2

Altars:
Ashenzari
Cheibriados
Dithmenos
Elyvilon
Fedhas
Gozag
Hepliaklqana
Kikubaaqudgha
Makhleb
Nemelex Xobeh
Okawaru
Qazlal
Ru
Sif Muna
Trog
Uskayaw
Vehumet
Wu Jian
Xom
Yredelemnul
Zin
The Shining One
Lugonu

Shops:
D:1 !?   D:3 [   Orc:2 !   Shoals:1 (

Portals:
Abyss: Lair:6

Annotations:
Lair:2 2 transporters, Nous's ghost, journeyman TrAM
Shoals:2 Polyphemus
Spider:1 Aizul; Louise


Innate Abilities, Weirdness & Mutations

You have a pair of large horns on your head.
You are surrounded by a moderate repulsion field. (EV +3)
A meltable icy envelope protects you from harm. (AC +4)
Your magical and physical power is slightly enhanced at high health.
A meltable shield of frost defends you. (SH +4)
Spells you cast may paralyse adjacent enemies.
You have large cloven feet.
You tend to lose your temper in combat.
Your body sometimes deteriorates upon taking damage.
You are strong-willed. (Will+)
You passively map a small area around you.


Message History

Unknown command.
The harpy is engulfed in calcifying dust. x4
Your limbs are stiffening.
The harpy is engulfed in calcifying dust. x3
The death yak is engulfed in calcifying dust.
The death yak is moving more slowly.
The death yak closely misses you.
The harpy is engulfed in calcifying dust.
You have turned to stone.
The death yak gores you!
The merfolk siren chants a haunting song.
You resist with almost no effort. The death yak gores you!!
* * * LOW HITPOINT WARNING * * *
The merfolk siren chants a haunting song.
You easily resist.
The death yak is no longer petrified.
The death yak gores you!
* * * LOW HITPOINT WARNING * * *
The merfolk siren chants a haunting song.
You resist with almost no effort.
The death yak stops moving altogether!
The merfolk impaler hits you from afar with a +7 vorpal trident.
The death yak gores you but does no damage.
The merfolk siren chants a haunting song.
You resist with almost no effort.
The death yak stops moving altogether!
The merfolk impaler hits you from afar with a +7 vorpal trident!
* * * LOW HITPOINT WARNING * * *
x2 The merfolk impaler hits you from afar with a +7 vorpal trident!
* * * LOW HITPOINT WARNING * * *
x2 The harpy is no longer petrified.
The harpy claws you but does no damage. The harpy claws you.
The harpy claws you but does no damage. x2
The merfolk impaler hits you from afar with a +7 vorpal trident!
* * * LOW HITPOINT WARNING * * *
x2 The merfolk siren chants a haunting song.
You resist with almost no effort.
The harpy is no longer petrified.
The harpy claws you but does no damage. The harpy claws you!
* * * LOW HITPOINT WARNING * * *
The merfolk impaler hits you from afar with a +7 vorpal trident!!
You die...

≈≈≈≈≈≈≈≈≈.......S≈≈≈≈≈≈≈≈≈
≈≈≈≈≈≈≈≈≈...(....≈≈≈≈≈≈≈≈≈≈≈
≈≈≈≈≈≈≈≈≈....≈.C..≈≈≈≈≈≈≈≈
≈≈≈≈..≈≈≈....##...≈≈≈≈≈≈≈≈ ≈
≈≈≈≈≈.≈≈###.###..SH≈≈≈≈≈≈≈ ≈
≈≈≈≈≈≈..##...##..Hm.≈≈≈≈≈≈
≈≈≈≈≈≈.....^.####HY.≈≈≈≈≈≈ ≈
.$≈≈≈≈≈≈..>....##YY.≈≈≈≈≈≈ ≈
≈≈
.≈≈≈≈≈≈≈...>....@Ym.≈≈≈≈≈≈
.≈≈≈≈≈≈............≈≈≈≈≈≈≈
≈≈≈≈≈≈≈≈.###.[.##H.≈≈≈≈≈≈≈ ≈
≈
≈≈....≈..##....###.≈≈≈≈≈≈≈≈
≈...≈≈.........# #..≈≈≈≈≈≈ ≈
≈..≈≈≈.........###†.≈≈≈≈≈≈
≈..≈≈≈≈....≈≈.......≈≈≈≈≈≈ ≈
≈≈≈≈≈≈≈≈..<........≈≈≈≈≈≈≈ ≈
≈≈≈≈....≈....≈≈≈≈≈≈≈≈≈≈


You could see a merfolk impaler, 4 death yaks, a sea snake, a manticore, a
merfolk siren and 3 harpies.

Vanquished Creatures
  2 azure jellies (IceCv)
  A quicksilver ooze (IceCv)
  A minotaur (Gauntlet)
  The ghost of kalagan the Thaumaturge, a journeyman DECj of Sif Muna (Lair:6)
  A catoblepas (Gauntlet)
  8 hydras
  An orc high priest (Orc:1)
  A soul eater (Gauntlet)
  4 thrashing horrors
  3 sea snakes (Shoals:1)
  A lindwurm (Lair:5)
  7 harpies
  An orc sorcerer (Orc:1)
  Pikel (D:7)
  A cyclops (D:10)
  A faun (Shoals:1)
  5 ugly things
  4 oklob plants
  3 manticores
  9 elephants (Lair:6)
  A guardian serpent (shapeshifter) (Lair:6)
  5 black mambas
  A merfolk siren (Lair:3)
  2 ice statues (IceCv)
  2 smoke demons (Lair:6)
  2 water nymphs
  4 gargoyles
  14 cane toads
  Psyche (D:8)
  A torpor snail (Lair:5)
  A yaktaur (shapeshifter) (Lair:6)
  3 rime drakes
  7 komodo dragons
  2 ancient zymes (Lair:6)
  2 entropy weaver simulacra (IceCv)
  A jumping spider (Lair:2)
  3 merfolk (Shoals:1)
  A wind drake (Shoals:2)
  5 trolls
  3 polar bears
  16 slime creatures
  Grinder (D:3)
  10 dream sheep
  A large abomination (Lair:6)
  A snapping turtle (Shoals:1)
  37 blink frogs
  A spriggan (Lair:6)
  A shadow (D:9)
  A wraith (D:10)
  A wyvern (shapeshifter) (Lair:6)
  4 wyverns
  73 yaks
  Eustachio (D:6)
  6 basilisks
  2 chaos spawn (Lair:6)
  Menkaure (D:7)
  3 wargs (Orc:1)
  12 small abominations
  16 water moccasins
  6 demonic crawler simulacra (IceCv)
  Duvessa (D:6)
  6 ugly thing simulacra (IceCv)
  16 orc warriors
  An ice beast (D:7)
  5 ogres
  A black bear (D:7)
  13 wolves
  A centaur (D:8)
  A lemure (D:7)
  3 kobold brigands
  12 bullfrogs
  5 glowing shapeshifter simulacra (IceCv)
  A gnoll sergeant (D:8)
  A scorpion (D:7)
  Dowan (D:6)
  A wyvern skeleton (D:7)
  17 killer bees
  An elephant simulacrum (Lair:3)
  A wight (D:7)
  An electric eel (Lair:1)
  5 howler monkeys
  5 centaur zombies
  3 gnoll shamans
  16 orc priests
  A bullfrog skeleton (D:6)
  6 jellies
  Jessica (D:2)
  3 iguanas
  14 orc wizards
  13 hell rats
  A polar bear simulacrum (Lair:3)
  A hound zombie (D:3)
  19 gnolls
  9 adders
  7 river rats
  3 shadow imps
  A white imp (D:7)
  4 ufetubi
  2 adder skeletons
  2 worms
  4 dart slugs
  49 orcs
  5 bats
  2 bat skeletons (D:2)
  2 bat zombies (D:7)
  6 endoplasms
  4 giant cockroaches
  6 goblins
  6 hobgoblins
  21 kobolds
  A quokka (D:2)
  15 ball pythons
  A ball python zombie (D:2)
  7 frilled lizards
  14 rats
659 creatures vanquished.

Vanquished Creatures (others)
  28 fungi
  60 plants
  A withered plant (D:2)
89 creatures vanquished.

Grand Total: 748 creatures vanquished

Notes
Turn   | Place    | Note
-------+----------+-------------------------------------------
     0 | D:1      | Araneus the Demonspawn Fighter began the quest for the Orb.
     0 | D:1      | Reached XP level 1. HP: 18/18 MP: 1/1
    13 | D:1      | Found Umoaxuon's Distillery.
   130 | D:1      | Found Jyxer's Magic Scroll Shoppe.
   330 | D:1      | Gained mutation: You have a pair of small horns on your
                  | head. [demonic ancestry]
   330 | D:1      | Reached XP level 2. HP: 24/24 MP: 2/2
  1022 | D:1      | Found a faded altar of an unknown god.
  1186 | D:2      | Noticed Jessica
  1203 | D:1      | HP: 1/24 [adder (2)]
  1213 | D:1      | Gained mutation: You have a pair of horns on your head.
                  | [demonic ancestry]
  1213 | D:1      | Reached XP level 3. HP: 29/29 MP: 3/3
  1663 | D:2      | Gained mutation: A meltable shield of frost defends you.
                  | (SH +4) [demonic ancestry]
  1663 | D:2      | Reached XP level 4. HP: 31/35 MP: 2/4
  1696 | D:2      | Killed Jessica
  2072 | D:3      | Found a hide-covered altar of Uskayaw.
  2499 | D:3      | Found an opulent altar of Gozag.
  2649 | D:3      | Gained mutation: A meltable icy envelope protects you from
                  | harm. (AC +4) [demonic ancestry]
  2649 | D:3      | Reached XP level 5. HP: 41/41 MP: 5/5
  2661 | D:3      | Found Vamuojots's Armour Emporium.
  2672 | D:3      | Reached skill level 5 in Maces & Flails
  2884 | D:3      | Noticed Grinder
  2893 | D:3      | Paralysed by Grinder for 2 turns
  2897 | D:3      | Paralysed by Grinder for 4 turns
  2920 | D:3      | Killed Grinder
  2921 | D:3      | Reached XP level 6. HP: 13/47 MP: 2/6
  3524 | D:4      | Identified a scroll of acquirement
  3524 | D:4      | Acquired the ring of Parak {Fly rElec rC+ rN++ Int-5}
  3693 | D:4      | Found a staircase to the Ecumenical Temple.
  3725 | D:4      | Gained mutation: You have a pair of large horns on your
                  | head. [demonic ancestry]
  3725 | D:4      | Reached XP level 7. HP: 9/52 MP: 2/7
  3798 | Temple   | Entered the Ecumenical Temple
  3986 | Temple   | Became a worshipper of Warmaster Okawaru
  4187 | D:4      | Found a radiant altar of Vehumet.
  4266 | D:4      | Found a bloodstained altar of Trog.
  4660 | D:5      | Entered Level 5 of the Dungeon
  5671 | D:6      | Noticed Dowan
  5671 | D:6      | Noticed Eustachio
  5673 | D:6      | Noticed Duvessa
  5911 | D:6      | Reached skill level 1 in Invocations
  5946 | D:6      | Noticed a troll
  5952 | D:6      | Killed a troll
  5952 | D:6      | Reached * piety under Okawaru
  5953 | D:6      | Reached skill level 1 in Throwing
  5953 | D:6      | Reached skill level 3 in Shields
  5953 | D:6      | Gained mutation: You are surrounded by a mild repulsion
                  | field. (EV +2) [demonic ancestry]
  5953 | D:6      | Reached XP level 8. HP: 47/58 MP: 6/9
  5955 | D:6      | Killed Eustachio
  6067 | D:6      | Killed Duvessa
  6081 | D:6      | Killed Dowan
  6265 | D:6      | Noticed a gargoyle
  6270 | D:6      | Gained mutation: You have large cloven feet. [potion of
                  | mutation]
  6270 | D:6      | Gained mutation: You possess an exceptional clarity of
                  | mind. [potion of mutation]
  6270 | D:6      | Gained mutation: Your body sometimes deteriorates upon
                  | taking damage. [potion of mutation]
  6271 | D:6      | Lost mutation: You possess an exceptional clarity of mind.
                  | [potion of mutation]
  6271 | D:6      | Lost mutation: Your body sometimes deteriorates upon taking
                  | damage. [potion of mutation]
  6271 | D:6      | Gained mutation: You are strong-willed. (Will+) [potion of
                  | mutation]
  6271 | D:6      | Gained mutation: Your body sometimes deteriorates upon
                  | taking damage. [potion of mutation]
  6271 | D:6      | Gained mutation: You passively map a small area around you.
                  | [potion of mutation]
  6274 | D:6      | Killed a gargoyle
  6274 | D:6      | Reached ** piety under Okawaru
  6275 | D:6      | Reached skill level 4 in Shields
  6307 | D:6      | Gained mutation: You are surrounded by a moderate repulsion
                  | field. (EV +3) [demonic ancestry]
  6307 | D:6      | Reached XP level 9. HP: 65/65 MP: 12/12
  6384 | D:6      | Found a glowing drain.
  6401 | Sewer    | Entered a sewer
  6919 | D:6      | Found a shimmering blue altar of Sif Muna.
  7038 | D:7      | Got the Grimoire of Cloudy Flames
  7050 | D:7      | Found a stormy altar of Qazlal.
  7103 | D:7      | Found an ancient bone altar of Kikubaaqudgha.
  7116 | D:7      | Noticed Menkaure
  7129 | D:7      | Killed Menkaure
  7241 | D:7      | Found a sacrificial altar of Ru.
  7280 | D:7      | Noticed Pikel
  7318 | D:7      | Killed Pikel
  7318 | D:7      | Reached *** piety under Okawaru
  7319 | D:7      | Reached skill level 5 in Invocations
  7354 | D:7      | Found a burning altar of Makhleb.
  7377 | D:7      | Found a shimmering altar of Xom.
  7411 | D:7      | Reached skill level 10 in Maces & Flails
  7447 | D:7      | Noticed a cyan ugly thing
  7457 | D:7      | Killed a cyan ugly thing
  7458 | D:7      | Reached skill level 5 in Shields
  7484 | D:7      | Found a bloodstained altar of Trog.
  7771 | D:8      | Received a gift from Okawaru
  7887 | D:8      | Gained mutation: Your magical and physical power is
                  | slightly enhanced at high health. [demonic ancestry]
  7887 | D:8      | Reached XP level 10. HP: 29/73 MP: 9/14
  8521 | D:8      | Noticed Psyche
  8529 | D:8      | Killed Psyche
  8667 | D:8      | Found an ornate altar of the Wu Jian Council.
  9008 | D:9      | Reached **** piety under Okawaru
  9032 | D:9      | Received a gift from Okawaru
  9087 | D:9      | Reached skill level 5 in Fighting
  9168 | D:9      | Reached skill level 6 in Shields
  9524 | D:9      | Noticed a manticore
  9533 | D:9      | Killed a manticore
  9534 | D:9      | Reached skill level 5 in Throwing
  9545 | D:9      | Paralysed by a gnoll for 5 turns
  9585 | D:9      | Received a gift from Okawaru
  9783 | D:9      | Found a staircase to the Orcish Mines.
  9857 | D:10     | Entered Level 10 of the Dungeon
  9904 | Orc:1    | Entered Level 1 of the Orcish Mines
  9913 | Orc:1    | Noticed an orc sorcerer
  9919 | Orc:1    | Noticed a sixfirhy
  9927 | Orc:1    | Killed an orc sorcerer
  9947 | Orc:1    | Reached skill level 7 in Shields
 10050 | Orc:1    | Reached ***** piety under Okawaru
 10051 | Orc:1    | Reached XP level 11. HP: 66/81 MP: 16/16
 10436 | Orc:1    | Noticed an oklob plant
 10465 | Orc:1    | Killed an oklob plant
 10970 | Orc:2    | Entered Level 2 of the Orcish Mines
 10975 | Orc:2    | Found Pigrurur's Distillery.
 10981 | Orc:2    | Noticed an orc high priest
 10981 | Orc:2    | Noticed an orc sorcerer
 10984 | Orc:2    | Gained mutation: You tend to lose your temper in combat. [a
                  | neqoxec]
 10985 | Orc:2    | Noticed a sixfirhy
 10996 | Orc:2    | Noticed a sixfirhy
 11035 | Orc:1    | Killed an orc high priest
 11218 | Orc:1    | Reached skill level 8 in Shields
 11414 | Orc:2    | Noticed an orc high priest
 11459 | Orc:2    | Noticed a sixfirhy
 11523 | Orc:2    | Noticed an orc warlord
 11822 | D:10     | Found a snail-covered altar of Cheibriados.
 12368 | D:10     | Found a shadowy altar of Dithmenos.
 12369 | D:10     | Found a hazy altar of Hepliaklqana.
 12443 | D:10     | Received a gift from Okawaru
 12456 | D:10     | Reached skill level 9 in Shields
 12745 | D:11     | Found a staircase to the Lair.
 13029 | D:11     | Reached XP level 12. HP: 85/91 MP: 15/17
 13052 | D:11     | Noticed a five-headed hydra
 13071 | D:11     | Killed a five-headed hydra
 13074 | D:11     | Reached skill level 10 in Shields
 13699 | Lair:1   | Entered Level 1 of the Lair of Beasts
 14079 | Lair:1   | Received a gift from Okawaru
 14779 | Lair:1   | Reached skill level 5 in Armour
 15176 | Lair:1   | Reached ****** piety under Okawaru
 15548 | Lair:1   | Received a gift from Okawaru
 16351 | Lair:2   | Reached XP level 13. HP: 102/102 MP: 16/18
 16377 | Lair:2   | Reached skill level 11 in Shields
 16547 | Lair:2   | Found a transporter.
 16553 | Lair:2   | Found a transporter.
 16558 | Lair:2   | Found a bloodstained altar of Trog.
 16559 | Lair:2   | Noticed Nous's ghost (journeyman TrAM)
 16655 | Lair:2   | Found a hole to the Spider Nest.
 17099 | Lair:3   | Found a frozen archway.
 17116 | IceCv    | Entered an ice cave
 17456 | IceCv    | Reached skill level 10 in Fighting
 17822 | IceCv    | Received a gift from Okawaru
 18127 | IceCv    | Noticed a quicksilver ooze
 18135 | IceCv    | Killed a quicksilver ooze
 18135 | IceCv    | Received a gift from Okawaru
 18473 | IceCv    | Found a viscous altar of Jiyva.
 18473 | IceCv    | Noticed an azure jelly
 18482 | IceCv    | Killed an azure jelly
 18535 | IceCv    | Noticed an azure jelly
 18551 | IceCv    | Killed an azure jelly
 18692 | IceCv    | Identified the ring "Niefe" {Fire rPois MP+9}
 19362 | Lair:3   | Reached skill level 12 in Shields
 19507 | Lair:3   | Found a staircase to the Shoals.
 19804 | Spider:1 | Entered Level 1 of the Spider Nest
 19804 | Spider:1 | Noticed Louise
 19804 | Spider:1 | Noticed Aizul
 20285 | Lair:4   | Found a gate leading to a gauntlet.
 20294 | Gauntlet | Entered a Gauntlet
 20294 | Gauntlet | Found a transporter.
 20294 | Gauntlet | Found a runed translucent door.
 20294 | Gauntlet | Found a transporter.
 20295 | Gauntlet | Found a runed translucent door.
 20298 | Gauntlet | Found a transporter.
 20299 | Gauntlet | Found a transporter.
 20302 | Gauntlet | Found a transporter.
 20302 | Gauntlet | Found a transporter.
 20337 | Gauntlet | Found a transporter.
 20340 | Gauntlet | Found a transporter.
 20353 | Gauntlet | Found a transporter.
 20365 | Gauntlet | Found a transporter.
 20380 | Gauntlet | Found a transporter.
 20384 | Gauntlet | Found a transporter.
 20557 | Gauntlet | Received a gift from Okawaru
 20576 | Gauntlet | Identified the ring of Xotusch {Contam +Blink rPois rF-
                  | rN+}
 20612 | Gauntlet | Identified the +5 kite shield of Tiasat {Harm Dex+6 Slay-6}
 20612 | Gauntlet | Noticed a minotaur
 20626 | Gauntlet | Killed a minotaur
 20627 | Gauntlet | Gained mutation: Spells you cast may paralyse adjacent
                  | enemies. [demonic ancestry]
 20627 | Gauntlet | Reached XP level 14. HP: 95/113 MP: 10/19
 20632 | Gauntlet | Identified the ring of the Leaf {Fly rCorr MP+9}
 21081 | Lair:3   | Identified the +1 pair of boots "Xomu" {Will++ rCorr}
                  | (Okawaru gifted it to you on level 3 of the Lair of Beasts)
 21081 | Lair:3   | Received a gift from Okawaru
 22254 | Lair:5   | Reached skill level 13 in Shields
 22706 | Lair:5   | Found a runed translucent door.
 23252 | Lair:6   | Entered Level 6 of the Lair of Beasts
 23481 | Lair:6   | Received a gift from Okawaru
 23502 | Lair:6   | Found a runed translucent gate.
 23502 | Lair:6   | Found a runed translucent gate.
 23502 | Lair:6   | Found a runed translucent gate.
 23502 | Lair:6   | Noticed kalagan's ghost (journeyman DECj)
 23520 | Lair:6   | Killed kalagan's ghost
 23520 | Lair:6   | Received a gift from Okawaru
 23649 | Lair:6   | Received a gift from Okawaru
 23709 | Lair:6   | Found a staircase to the Slime Pits.
 24392 | Lair:6   | Received a gift from Okawaru
 24717 | Lair:6   | Received a gift from Okawaru
 24718 | Lair:6   | Reached XP level 15. HP: 117/121 MP: 20/20
 24764 | Lair:6   | Identified the +0 ring mail of Bunwer {Will+ Int+3}
                  | (Okawaru gifted it to you on level 6 of the Lair of Beasts)
 24764 | Lair:6   | Received a gift from Okawaru
 24883 | Lair:6   | Found a corrupted altar of Lugonu.
 24883 | Lair:6   | Found a one-way gate to the infinite horrors of the Abyss.
 25442 | Shoals:1 | Entered Level 1 of the Shoals
 25446 | Shoals:1 | Found Neot's Antique Weapon Boutique.
 25456 | Shoals:1 | Bought a scorched whip for 270 gold pieces
 25456 | Shoals:1 | Identified the +4 whip "Zaefya" {vorpal, SInv} (You bought
                  | it in a shop on level 1 of the Shoals)
 26112 | Shoals:1 | Reached skill level 14 in Shields
 26502 | Shoals:2 | Noticed Polyphemus
 26544 | Shoals:2 | HP: 6/122 [harpy (3)]
 26544 | Shoals:2 | Slain by a merfolk impaler

Illustrated notes

Levels and vault maps discovered:
D:1:      heliophobic_arrival_glass_houses, layout_loops_cross, serial_shops,
          shop, shop_scrolls, shapermc_ecumenical_altar_petra,
          amcnicky_mini_pool_small, minmay_misc_feat_iff, minmay_misc_feat_chi
D:2:      layout_rooms, serial_undead, serial_undead_c, serial_undead_c,
          serial_undead_b, serial_undead_d, minmay_tromino_i2, uniq_jessica
D:3:      layout_basic, grunt_gozag_statues,
          nicolae_uskayaw_murder_on_the_dancefloor, serial_co_window_serial,
          co_window_paths_a, co_window_paths_a, co_window_paths_a,
          co_window_paths_a, co_window_paths_b, co_window_broadway_b,
          co_window_broadway_c, co_window_broadway_b, co_window_paths_e,
          glass_columns_a, glass_columns_b, glass_columns_a, serial_shops,
          nicolae_shop_temple_entry_statues_fountains, serial_bayou_crossing,
          uniq_grinder
D:4:      layout_basic, mainiacjoe_overflow_alcove_4, marbit_many_paths,
          minmay_temple_entry_waves
D:5:      layout_cave_pods, mainiacjoe_overflow_catwalk
D:6:      layout_loops_ring, nicolae_sif_muna_little_library,
          portal_sewer_entry_c, uniq_duvessa, uniq_eustachio
D:7:      layout_rooms, nicolae_qazlal_style_of_elements,
          mainiacjoe_overflow_surrounded_room,
          lemuel_zombie_altar_kikubaaqudgha, bloody_makhleb,
          nicolae_ru_awakened_eye, minmay_ruined_shrine, uniq_menkaure,
          uniq_pikel
D:8:      layout_basic, mainiacjoe_overflow_six_doors_small, uniq_psyche
D:9:      layout_small_grid, orc_0_dummy
D:10:     layout_loops_ring, kennysheep_slug_shrine, elyvilon_altar_3,
          riverfiend_overflow_shadow_ancestor, grunt_ministairs_14
D:11:     layout_rooms, minmay_lair_entry_grove
Temple:   corrupted_temple
Lair:1:   layout_regular_city, serial_bayou_shore_b, minmay_lair_oklob_chamber,
          serial_bayou_shore_b, infiniplex_staircase_pool, grunt_megastairs_1
Lair:2:   layout_small_grid, spider_nest_entry_web_field,
          gammafunk_ghost_wrathful_warriors
Lair:3:   layout_cave_pods, elwin_shoals_entry_rooms,
          portal_ice_cave_entry_ice_simulacra, serial_bayou_shore_b
Lair:4:   layout_cave_pods, gauntlet_entry_generic, grunt_forest_small_clearings
Lair:5:   layout_roguey, pf_torpor_hydra
Lair:6:   hellmonk_lair_end_abyssal_woods, layout_layer_cave,
          minmay_slime_entry_pillars, ebering_ghost_rock_garden,
          lemuel_fruit_tree
Shoals:1: layout_shoals, serial_shops, shop
Shoals:2: layout_shoals, uniq_polyphemus
Spider:1: layout_spider_delve, nicolae_spider_checkerboard, uniq_louise,
          uniq_aizul, uniq_nikola
Orc:1:    layout_diamond_mine, basic_altar, serial_shops, shop, mines3_lemuel
Orc:2:    grunt_orc_gardens, layout_caves, grunt_orc_garden, grunt_orc_garden,
          grunt_orc_garden, grunt_orc_garden, serial_shops,
          nicolae_shop_statue_plus

Skill      XL: |  1  2  3  4  5  6  7  8  9 10 11 12 13 14 15 |
---------------+----------------------------------------------+-----
Maces & Flails | 2 3 4 6 7 8 9 10 11 12 13 | 13.3
Invocations    | 2 4 5 7 |  7.0
Throwing       | 1 2 4 5 6 |  6.0
Shields        | 3 4 5 7 9 10 12 13 14 | 14.0
Fighting       | 4 5 7 9 11 12 | 12.5
Armour         | 6 8 9 |  9.9

Action                   |  1- 3 |  4- 6 |  7- 9 | 10-12 | 13-15 || total
-------------------------+-------+-------+-------+-------+-------++-------
Melee: Flail             |   126 |   120 |   302 |     2 |       ||   550
       Headbutt          |    10 |    21 |    66 |   216 |   296 ||   609
       Whip              |       |       |    13 |   668 |       ||   681
       Morningstar       |       |       |       |   134 |   879 ||  1013
Throw: Dart              |       |       |    22 |    17 |       ||    39
       Throwing net      |       |       |       |     1 |       ||     1
Invok: Heroism           |       |       |       |     1 |     1 ||     2
       Finesse           |       |       |       |       |     1 ||     1
Evoke: Wand              |       |       |       |     7 |    14 ||    21
  Use: Potion            |     2 |     3 |     9 |     8 |     4 ||    26
       Scroll            |       |     7 |    14 |     8 |    11 ||    40
 Stab: Invisible         |       |       |     3 |     1 |       ||     4
       Paralysed         |       |       |       |       |     1 ||     1
Armor: Scale mail        |    79 |    55 |    99 |       |       ||   233
       Plate armour      |       |       |     8 |   215 |   111 ||   334
       Pearl dragon scal |       |       |       |       |   289 ||   289
Dodge: Dodged            |    56 |    28 |    88 |   110 |   297 ||   579
Block: Kite shield       |    85 |    95 |   230 |   417 |   784 ||  1611
